 Dungeon Crawl Stone Soup version 0.26.0-45-g9c1d065592 (webtiles) character file.

Game seed: 1380924498935587502

(classic levelgen) 100204 thiole the Thaumaturge (level 16, -4/114 HPs)
             Began as an Octopode Venom Mage on Jan 29, 2021.
             Was an Initiate of Gozag.
             Killed by the air
             ... invoked by a wind drake
              (18 damage)
             ... on level 1 of the Shoals on Jan 30, 2021.
             The game lasted 02:34:03 (44495 turns).

thiole the Thaumaturge (Octopode Venom Mage)       Turns: 44495, Time: 02:34:04

Health: -4/114     AC:  2    Str:  7    XL:     16   Next: 27%
Magic:  14/33      EV: 19    Int: 26    God:    Gozag
Gold:   380        SH: 14    Dex: 20    Spells: 10/42 levels left

rFire    + . .     SeeInvis .   a - +8 short sword (venom)
rCold    x . .     Faith    .   V - +3 buckler
rNeg     + . .     Spirit   .   q - +1 hat {Int+3}
rPois    .         Reflect  +   x - amulet of reflection
rElec    .         Harm     .   f - ring of fire
rCorr    .         Rampage  .   w - ring of positive energy
Will     ++++.                  L - +4 ring of slaying
Stlth    ++++++....             C - ring of willpower
HPRegen  0.29/turn              h - ring "Edaomagg" {Wiz Will++}
MPRegen  0.23/turn              I - ring of ice
                                i - ring of fire
                                t - +6 ring of dexterity

@: no status effects
A: almost no armour, stealthy swim, amphibious, 8 rings, constrict 8, camouflage
1, gelatinous body 1
a: Renounce Religion, Potion Petition, Call Merchant, Bribe Branch


You were on level 1 of the Shoals.
You worshipped Gozag.
Gozag was aware of your devotion.
You visited 5 branches of the dungeon, and saw 23 of its levels.
You also visited: Sewer and Ice Cave.

You collected 7989 gold pieces.
You spent 3189 gold pieces at shops.
You paid 4420 gold pieces to Gozag.

Inventory:

Hand Weapons
 a - a +8 short sword of venom (weapon)
 S - the cursed +3 rapier of the Spinneret {freeze, rC+ rN+ Int-3, unknown}
   (You found it on level 1 of the Shoals)

   It has been specially enchanted to freeze those struck by it, causing extra
   injury to most foes and up to half again as much damage against particularly
   susceptible opponents.
   It can also slow down cold-blooded creatures.
   It affects your intelligence (-3).
   It protects you from cold.
   It protects you from negative energy.
   It has a curse placed upon it.
Missiles
 B - 543 stones
Armour
 q - a +1 hat of intelligence (worn)
 V - a +3 buckler (worn)
Magical Staves
 b - an uncursed staff of fire
 M - an uncursed staff of air
Jewellery
 f - a ring of fire (left tentacle)
 h - the ring "Edaomagg" (on tentacle) {Wiz Will++}
   (You found it in an ice cave)

   [ring of wizardry]

   It improves your spell success rate.
   It affects your willpower, your defense against some magical effects.
 i - a ring of fire (on tentacle)
 t - a +6 ring of dexterity (on tentacle)
 w - a ring of positive energy (right tentacle)
 x - an amulet of reflection (around mantle)
 C - a ring of willpower (on tentacle)
 I - a ring of ice (on tentacle)
 L - a +4 ring of slaying (on tentacle)
 O - an uncursed ring of protection from cold
 X - an uncursed amulet of regeneration
Wands
 p - a wand of paralysis (3)
 r - a wand of acid (5)
 y - a wand of polymorph (3)
 E - a wand of disintegration (14)
 J - a wand of iceblast (18)
 U - a wand of flame (14)
Scrolls
 c - a scroll of immolation
 g - a scroll of blinking
 j - 4 scrolls of teleportation
 n - a scroll of vulnerability
 o - a scroll of enchant weapon
 s - a scroll of torment
 v - 6 scrolls of amnesia
 D - 3 scrolls of fog
 F - a scroll of silence
 G - a scroll of brand weapon
 H - a scroll of holy word {unknown}
 K - 2 scrolls of magic mapping
 N - 6 scrolls of remove curse
 W - 3 scrolls of fear
 Z - a scroll of identify
Potions
 d - 11 potions of ambrosia
 e - 3 potions of cancellation
 k - 3 potions of lignification
 l - 2 potions of brilliance
 m - 4 potions of flight
 u - 3 potions of mutation
 z - 2 potions of might
 A - 2 potions of haste
 T - 5 potions of curing
 Y - a potion of resistance
Miscellaneous
 P - a box of beasts
 Q - a lightning rod (1/4)
 R - a phial of floods (inert)


   Skills:
 - Level 12.0 Fighting
 - Level 6.0 Short Blades
 - Level 7.2 Dodging
 - Level 7.0 Stealth
 - Level 4.0 Shields
 + Level 13.6 Spellcasting
 - Level 7.0 Conjurations
 - Level 5.0 Summonings
 - Level 5.0 Transmutations
 - Level 10.0 Fire Magic
 - Level 7.0 Ice Magic
 - Level 7.3 Air Magic
 - Level 8.0 Poison Magic
 - Level 5.0 Evocations


You had 10 spell levels left.
You knew the following spells:

 Your Spells              Type           Power        Failure   Level
a - Sting                 Tmut/Pois      100%         1%          1
b - Summon Ice Beast      Ice/Summ       65%          1%          4
c - Ignite Poison         Fire/Tmut/Pois 92%          1%          3
d - Olgreb's Toxic Radia  Pois           56%          1%          4
e - Lightning Bolt        Conj/Air       26%          1%          5
f - Swiftness             Air            54%          1%          2
g - Airstrike             Air            27%          1%          4
h - Apportation           Tloc           34%          1%          1
i - Ozocubu's Armour      Ice            69%          1%          3
j - Fireball              Conj/Fire      48%          1%          5

Your spell library contained the following spells:

 Spells                   Type           Power        Failure   Level
 Animate Skeleton         Necr           34%          1%          1
 Beastly Appendage        Tmut           86%          1%          1
 Corona                   Hex            18%          1%          1
 Foxfire                  Conj/Fire      100%         1%          1
 Freeze                   Ice            100%         1%          1
 Magic Dart               Conj           100%         1%          1
 Pain                     Necr           68%          1%          1
 Shock                    Conj/Air       100%         1%          1
 Summon Small Mammal      Summ           100%         1%          1
 Ensorcelled Hibernation  Hex/Ice        100%         1%          2
 Poisonous Vapours        Pois/Air       100%         1%          2
 Searing Ray              Conj           100%         1%          2
 Wereblood                Tmut           43%          1%          2
 Conjure Flame            Conj/Fire      96%          1%          3
 Dazzling Flash           Conj/Hex       70%          1%          3
 Frozen Ramparts          Ice            100%         1%          3
 Inner Flame              Hex/Fire       78%          1%          3
 Mephitic Cloud           Conj/Pois/Air  54%          1%          3
 Spider Form              Tmut/Pois      25%          1%          3
 Static Discharge         Conj/Air       53%          1%          3
 Hailstorm                Conj/Ice       69%          1%          4
 Ice Form                 Ice/Tmut       65%          1%          4
 Sticky Flame             Conj/Fire      96%          1%          4
 Fulminant Prism          Conj/Hex       17%          3%          4
 Iskenderun's Mystic Bla  Conj/Tloc      35%          3%          4
 Confusing Touch          Hex            17%          4%          3
 Tukima's Dance           Hex            17%          4%          3
 Vampiric Draining        Necr           8%           4%          3
 Blade Hands              Tmut           21%          4%          5
 Starburst                Conj/Fire      48%          6%          6
 Animate Dead             Necr           8%           13%         4
 Agony                    Necr           17%          32%         5
 Ignition                 Fire           51%          77%         8


Dungeon Overview and Level Annotations

Branches:
Dungeon (13/15)            Temple (1/1) D:7            Lair (6/6) D:10
 Shoals (1/4) Lair:3       Spider (0/4) Lair:4        Slime (0/5) Lair:6
    Orc (2/2) D:12            Elf (0/3) Orc:2         Sewer (visited)
  IceCv (visited)
 Vaults: D:13-14

Altars:
Ashenzari
Cheibriados
Dithmenos
Elyvilon
Fedhas
Gozag
Hepliaklqana
Kikubaaqudgha
Makhleb
Okawaru
Qazlal
Ru
Sif Muna
Trog
Uskayaw
Vehumet
Wu Jian
Xom
Yredelemnul
Zin
The Shining One
Beogh

Shops:
D:5 *   D:9 *[   D:10 (!*!*   Orc:1 [   Orc:2 (}*:[

Annotations:
D:3 1 runed translucent door, 2 transporters, Crazy Yiuf
D:4 2 transporters, Lorrdernie's ghost, amateur MiBe
D:10 exclusion: oklob plant


Innate Abilities, Weirdness & Mutations

You cannot wear most types of armour.
You are very stealthy in the water. (Stealth+)
You are amphibious.
You can wear up to eight rings at the same time.
You can use your tentacles to constrict eight enemies at once.
Your skin changes colour to match your surroundings (Stealth+).
Your rubbery body absorbs attacks. (AC +1, EV +1)


Message History

Aiming: Airstrike (mildly dangerous; 1% risk of failure)
Press: ? - help, Dir - move target, f - wind drake
Aim: a wind drake (water, wandering, repelling missiles, hasn't noticed you)
The air twists around and violently strikes the wind drake!!
The wind drake hisses angrily.
The wind drake is heavily wounded.
The wind drake flaps its wings at you. The air twists around and strikes you!!
* * * LOW HITPOINT WARNING * * *
Casting: Airstrike (mildly dangerous; 1% risk of failure)
Confirm with . or Enter, or press ? or * to list all spells.
Aiming: Airstrike (mildly dangerous; 1% risk of failure)
Press: ? - help, Dir - move target, f/p - wind drake
Aim: a wind drake (water, heavily wounded, repelling missiles)
The air twists around and violently strikes the wind drake!!
The wind drake is severely wounded.
The wind drake flaps its wings at you. The air twists around and strikes you!!
You die...
Your body crumbles into a pile of gold.

≈≈≈..≈..#...
≈≈≈≈≈≈≈≈≈≈≈≈≈≈≈≈≈≈≈≈..≈≈..####
≈≈≈≈≈≈≈≈≈≈≈≈≈≈≈≈≈≈≈≈≈≈≈......#
≈..≈≈≈≈≈≈≈≈≈≈≈≈≈≈≈≈≈≈≈.....≈≈.
≈...≈≈≈≈≈≈≈≈≈≈≈≈≈≈≈≈≈≈≈≈≈≈≈≈.≈
≈...≈≈≈≈≈≈≈≈≈≈≈≈≈≈≈≈≈≈≈≈.≈≈..≈
...≈≈≈..≈≈≈≈≈≈≈≈≈≈≈≈≈.......≈≈
≈≈≈≈≈≈.≈≈≈≈≈≈≈≈≈≈≈≈≈≈...#...≈.
≈≈≈≈....≈≈$≈≈@≈≈≈≈≈≈≈..###....
≈≈≈≈≈.##.[≈$≈≈.≈≈≈≈≈≈..##.....
≈≈≈≈≈ #....≈.#.≈≈≈≈≈....|≈≈..
≈≈≈≈.###........≈≈≈≈≈.....≈≈..
≈≈≈ ≈[......≈≈≈≈≈≈≈≈≈≈≈≈≈≈≈.##
≈≈ ≈≈.......≈≈≈≈≈≈≈≈≈≈≈≈...# ≈
≈≈....##..≈≈≈≈≈≈≈≈≈≈≈≈.##
≈≈...###...≈≈≈≈k≈≈≈≈≈...##
≈≈≈≈. #..≈≈≈≈≈≈≈≈≈≈≈≈.P.#


You could see a wind drake (repels missiles).

Vanquished Creatures
  Gastronok (Lair:2)
  A frost giant (IceCv)
  A merfolk impaler (Shoals:1)
  The ghost of thiole the Fighter, a journeyman OpWz of Gozag (Orc:1)
  Harold (Orc:1)
  Josephine (Lair:4)
  A boulder beetle (D:12)
  11 hydras
  Erica (D:11)
  A merfolk avatar (Shoals:1)
  A death knight (D:13)
  7 catoblepae
  10 death yaks
  2 two-headed ogres
  5 orc high priests (Orc:2)
  Sonja (Orc:1)
  2 unseen horrors
  3 sea snakes (Shoals:1)
  A phantasmal warrior (D:13)
  4 orc knights (Orc:2)
  3 ugly things
  2 orc sorcerers
  6 manticores
  2 cyclopes
  A faun (Shoals:1)
  6 elephants (Lair:4)
  2 merfolk sirens (Shoals:1)
  A torpor snail (Lair:2)
  A black mamba (Lair:3)
  2 water nymphs (Shoals:1)
  A gargoyle (D:13)
  15 cane toads
  2 rime drakes
  8 komodo dragons
  2 kobold demonologists (D:13)
  5 merfolk
  3 wind drakes (Shoals:1)
  A hornet (Lair:3)
  14 polar bears
  A queen bee (Lair:3)
  5 trolls
  18 blink frogs
  2 dream sheep (Lair:2)
  A meliai zombie (D:12)
  9 snapping turtles (Shoals:1)
  Sigmund (D:5)
  8 spriggans (Lair:1)
  A shadow (D:12)
  84 yaks
  7 wyverns
  6 wraiths
  5 basilisks
  A warg (shapeshifter) (D:13)
  3 wargs (Orc:2)
  An acid dragon (D:13)
  19 water moccasins
  An ice beast (D:13)
  29 orc warriors
  4 sky beasts
  A black bear (Lair:2)
  An eye of draining (D:10)
  4 phantoms
  34 wolves
  A necrophage (D:10)
  A centaur (D:7)
  14 ogres
  4 big kobolds
  20 bullfrogs
  2 scorpions
  A troll zombie (D:12)
  15 wights
  30 killer bees
  2 electric eels
  7 howler monkeys
  4 crimson imps (D:4)
  6 jellies
  A quasit (D:5)
  2 bullfrog zombies
  2 gnoll shamans
  5 hounds
  31 orc priests
  2 bullfrog skeletons
  2 iguanas
  Jessica (D:2)
  11 orc wizards
  Ijyb (D:3)
  5 hell rats (Lair:4)
  10 worker ants
  A killer bee zombie (D:7)
  4 ogre zombies (D:12)
  A hound zombie (D:5)
  A hound skeleton (D:6)
  10 adders
  12 gnolls
  4 shadow imps
  3 white imps
  4 ufetubi
  2 oozes
  2 adder skeletons
  2 adder zombies
  2 worms (D:2)
  3 dart slugs
  13 leopard geckos
  72 orcs
  A ball python (Sewer)
  9 bats
  4 giant cockroaches
  4 goblins
  8 hobgoblins
  10 jackals
  4 quokkas
  7 frilled lizards
  A goblin skeleton (D:12)
  A goblin zombie (D:12)
  3 hobgoblin zombies (D:12)
  A jackal skeleton (D:7)
  31 kobolds
  A leopard gecko zombie (D:7)
  4 orc skeletons (D:12)
  10 orc zombies (D:12)
  A quokka skeleton (D:4)
  A quokka zombie (D:9)
  6 rats
  3 butterflies
805 creatures vanquished.

Vanquished Creatures (collateral kills)
  2 hydras (Lair:6)
  2 skeletal warriors (D:13)
  A black mamba (Lair:6)
5 creatures vanquished.

Vanquished Creatures (others)
  41 fungi
  90 plants
131 creatures vanquished.

Grand Total: 941 creatures vanquished

Notes
Turn   | Place    | Note
-------+----------+-------------------------------------------
     0 | D:1      | thiole the Octopode Venom Mage began the quest for the Orb.
     0 | D:1      | Reached XP level 1. HP: 11/11 MP: 3/3
   244 | D:1      | Reached XP level 2. HP: 14/17 MP: 5/5
   683 | D:1      | Reached XP level 3. HP: 21/21 MP: 3/6
   744 | D:1      | Reached skill level 5 in Poison Magic
  1395 | D:2      | Noticed Jessica
  1414 | D:2      | Killed Jessica
  1415 | D:2      | Reached XP level 4. HP: 17/27 MP: 0/7
  1423 | D:2      | Reached skill level 1 in Fighting
  2001 | D:2      | Found a broken altar of Ashenzari.
  2588 | D:3      | Noticed Ijyb
  2594 | D:3      | Paralysed by Ijyb for 4 turns
  2601 | D:3      | Paralysed by Ijyb for 7 turns
  2610 | D:3      | Killed Ijyb
  2832 | D:3      | Found an ancient bone altar of Kikubaaqudgha.
  2985 | D:3      | Reached XP level 5. HP: 35/35 MP: 4/8
  3020 | D:3      | Found a burning altar of Makhleb.
  3111 | D:3      | Learned a level 3 spell: Mephitic Cloud
  3115 | D:3      | Learned a level 3 spell: Ignite Poison
  3457 | D:3      | Found a runed translucent door.
  3458 | D:3      | Noticed Crazy Yiuf
  3473 | D:3      | Found a transporter.
  3482 | D:3      | Noticed a kobold demonologist
  3488 | D:3      | Found a transporter.
  4080 | D:4      | Reached skill level 1 in Air Magic
  4160 | D:4      | Reached skill level 1 in Fire Magic
  4526 | D:4      | Found a shimmering altar of Xom.
  4579 | D:4      | Reached skill level 1 in Conjurations
  4579 | D:4      | Reached XP level 6. HP: 21/42 MP: 2/9
  4999 | D:4      | Noticed Lorrdernie's ghost (amateur MiBe)
  5001 | D:4      | Found a transporter.
  5002 | D:4      | Noticed a yak
  5252 | D:4      | Found a transporter.
  5431 | D:4      | Found an iron altar of Okawaru.
  5553 | D:4      | Found a radiant altar of Vehumet.
  5967 | D:5      | Entered Level 5 of the Dungeon
  6060 | D:5      | Reached XP level 7. HP: 23/46 MP: 4/10
  6425 | D:5      | Found a glowing drain.
  6429 | Sewer    | Entered a sewer
  7406 | D:5      | Found Pomiv's Assorted Antiques.
  7435 | D:5      | Reached skill level 3 in Spellcasting
  7616 | D:5      | Noticed Sigmund
  7636 | D:5      | Killed Sigmund
  7637 | D:5      | Reached skill level 4 in Spellcasting
  7637 | D:5      | Reached XP level 8. HP: 46/52 MP: 4/14
  8017 | D:5      | Learned a level 4 spell: Olgreb's Toxic Radiance
  8304 | D:5      | Reached skill level 5 in Fighting
  9500 | D:6      | Found a sacrificial altar of Ru.
  9807 | D:7      | Reached XP level 9. HP: 61/61 MP: 7/15
  9987 | D:7      | HP: 3/61 [phantom (6)]
  9991 | D:7      | Found a staircase to the Ecumenical Temple.
 10280 | D:7      | Reached skill level 5 in Spellcasting
 10370 | D:7      | Found a white marble altar of Elyvilon.
 10744 | D:7      | Reached skill level 6 in Spellcasting
 10806 | D:7      | Paralysed by an orc for 3 turns
 11046 | Temple   | Entered the Ecumenical Temple
 11141 | Temple   | Became a worshipper of Gozag Ym Sagoz the Greedy
 11510 | D:7      | Found a snail-covered altar of Cheibriados.
 11567 | D:8      | Noticed a manticore
 11612 | D:8      | Found a hide-covered altar of Uskayaw.
 11674 | D:7      | Reached skill level 7 in Spellcasting
 12341 | D:8      | Reached skill level 8 in Spellcasting
 12756 | D:8      | Killed a manticore
 12757 | D:8      | Reached skill level 5 in Conjurations
 12757 | D:8      | Reached XP level 10. HP: 66/66 MP: 6/22
 13426 | D:8      | Found a shimmering blue altar of Sif Muna.
 13872 | D:9      | Found Xesisioh's Demolitions Depot.
 13957 | D:9      | Found Nimnuk Woypn's Antique Armour Shoppe.
 14092 | D:9      | Found a shadowy altar of Dithmenos.
 14118 | D:9      | Found a glowing golden altar of the Shining One.
 14559 | D:10     | Entered Level 10 of the Dungeon
 14559 | D:10     | Noticed a two-headed ogre
 14564 | D:10     | Killed a two-headed ogre
 14899 | D:10     | Found a staircase to the Lair.
 14927 | D:10     | Reached skill level 5 in Transmutations
 15662 | D:10     | Found Otapo's Antique Weapon Emporium.
 15811 | D:10     | Found a blossoming altar of Fedhas.
 15827 | D:10     | Noticed an oklob plant
 16142 | D:11     | Killed an unseen horror
 16436 | D:11     | Noticed a cyan ugly thing
 16633 | D:11     | Noticed a purple ugly thing
 16638 | D:11     | Killed a purple ugly thing
 16639 | D:11     | Reached XP level 11. HP: 77/77 MP: 4/23
 16792 | D:11     | Noticed Erica
 16797 | D:11     | Killed Erica
 16798 | D:11     | Reached skill level 5 in Air Magic
 17328 | D:11     | Killed a cyan ugly thing
 17752 | D:12     | Learned a level 5 spell: Lightning Bolt
 17755 | D:12     | Learned a level 2 spell: Swiftness
 17760 | D:12     | Learned a level 4 spell: Airstrike
 17762 | D:12     | Learned a level 1 spell: Apportation
 17766 | D:12     | Learned a level 3 spell: Ozocubu's Armour
 17880 | D:12     | Noticed a brown ugly thing
 17886 | D:12     | Killed a brown ugly thing
 18062 | D:12     | Noticed a two-headed ogre
 18073 | D:12     | Killed a two-headed ogre
 18235 | D:12     | Noticed a cyclops
 18252 | D:12     | Killed a cyclops
 18253 | D:12     | Reached skill level 1 in Short Blades
 18812 | D:12     | Noticed a boulder beetle
 18815 | D:12     | Killed an unseen horror
 18823 | D:12     | Killed a boulder beetle
 19164 | D:12     | Found a staircase to the Orcish Mines.
 19688 | Orc:1    | Entered Level 1 of the Orcish Mines
 19689 | Orc:1    | Noticed an orc sorcerer
 19693 | Orc:1    | Killed an orc sorcerer
 19694 | Orc:1    | Reached skill level 10 in Fighting
 19695 | Orc:1    | Found a frozen archway.
 19697 | Orc:1    | Noticed Sonja
 19701 | Orc:1    | Killed Sonja
 19702 | Orc:1    | Reached skill level 5 in Short Blades
 19702 | Orc:1    | Reached XP level 12. HP: 75/87 MP: 10/24
 19722 | IceCv    | Entered an ice cave
 20219 | IceCv    | Reached skill level 5 in Dodging
 20925 | IceCv    | Noticed a death yak
 20925 | IceCv    | Noticed a frost giant
 20933 | IceCv    | Killed a death yak
 20937 | IceCv    | Killed a frost giant
 20948 | IceCv    | Reached skill level 9 in Spellcasting
 20991 | IceCv    | Got a slimy lead ring
 20999 | IceCv    | Got a crystal eveningstar
 21140 | Orc:1    | Identified the ring "Edaomagg" {Wiz Will++} (You found it
                  | in an ice cave)
 21329 | Orc:1    | Found Zaqekk's Antique Armour Boutique.
 21430 | Orc:1    | Found a runed translucent door.
 21435 | Orc:1    | Noticed thiole's ghost (journeyman OpWz)
 21444 | Orc:1    | Killed thiole's ghost
 21445 | Orc:1    | Reached XP level 13. HP: 62/92 MP: 14/26
 21518 | Orc:1    | Identified the cursed +0 eveningstar of War {drain, +Fly
                  | rElec rF- Int+3} (You found it in an ice cave)
 21619 | Orc:2    | Entered Level 2 of the Orcish Mines
 21627 | Orc:2    | Reached skill level 10 in Spellcasting
 21627 | Orc:2    | Reached skill level 5 in Stealth
 22175 | Orc:2    | Found Paohuth's Armour Shop.
 22473 | Orc:2    | Reached skill level 1 in Ice Magic
 23375 | Orc:2    | Found a staircase to the Elven Halls.
 23397 | Orc:2    | Found a roughly hewn altar of Beogh.
 23910 | Orc:2    | Reached skill level 5 in Ice Magic
 24452 | Orc:2    | Found Zane's Book Emporium.
 24455 | Orc:2    | Found Doclon's Gadget Emporium.
 24456 | Orc:2    | Found Isugraf's Weapon Emporium.
 24457 | Orc:2    | Found Vim Nehu's General Store.
 24463 | Orc:2    | Bought a scroll of identify for 26 gold pieces
 24464 | Orc:2    | Bought a book of Fire for 975 gold pieces
 24911 | Orc:1    | Noticed Harold
 24926 | Orc:1    | Killed Harold
 25253 | D:10     | Learned a level 5 spell: Fireball
 25356 | D:5      | Bought a scroll of identify for 36 gold pieces
 25356 | D:5      | Bought a leatherbound book for 270 gold pieces
 25356 | D:5      | Bought a scroll of identify for 36 gold pieces
 25356 | D:5      | Bought a scroll of identify for 36 gold pieces
 25356 | D:5      | Bought a hardcover book for 270 gold pieces
 25472 | Lair:1   | Entered Level 1 of the Lair of Beasts
 25722 | Lair:1   | Reached skill level 5 in Fire Magic
 26711 | Lair:1   | Reached XP level 14. HP: 99/99 MP: 12/28
 27891 | Lair:2   | Noticed Gastronok
 29388 | Lair:2   | Reached skill level 10 in Fire Magic
 30395 | Orc:2    | Bought a box of beasts for 560 gold pieces
 30395 | Orc:2    | Bought a lightning rod (4/4) for 420 gold pieces
 30395 | Orc:2    | Bought a phial of floods for 560 gold pieces
 31776 | Lair:3   | Reached skill level 11 in Spellcasting
 31827 | Lair:3   | Found a staircase to the Shoals.
 32430 | Lair:4   | Noticed Josephine
 32434 | Lair:4   | Killed Josephine
 32856 | Lair:4   | Found a hole to the Spider Nest.
 33309 | Lair:4   | Reached skill level 12 in Spellcasting
 34036 | Lair:2   | Killed Gastronok
 34922 | D:13     | Reached XP level 15. HP: 105/105 MP: 6/31
 36342 | D:13     | Learned a level 4 spell: Summon Ice Beast
 37335 | Lair:5   | Reached skill level 1 in Summonings
 38807 | Lair:6   | Entered Level 6 of the Lair of Beasts
 38847 | Lair:6   | Reached skill level 1 in Shields
 39323 | Lair:6   | Found a staircase to the Slime Pits.
 40030 | Lair:6   | Reached skill level 5 in Summonings
 40156 | Lair:6   | Reached skill level 1 in Evocations
 40851 | Lair:6   | Got a twisted trident
 40938 | Lair:6   | Reached skill level 5 in Evocations
 41385 | Lair:6   | Reached XP level 16. HP: 114/114 MP: 5/32
 42240 | D:10     | Identified the +7 trident "Qoisoime" {vorpal, *Drain +Blink
                  | rN+ Will+} (You found it on level 6 of the Lair of Beasts)
 42546 | Shoals:1 | Entered Level 1 of the Shoals
 42843 | Shoals:1 | Reached skill level 13 in Spellcasting
 42850 | Shoals:1 | Got a fine rapier
 44495 | Shoals:1 | Killed from afar by a wind drake

Illustrated notes

Levels and vault maps discovered:
D:1:      dpeg_arrival_lava_temple_mockup, layout_loops_ring
D:2:      layout_basic, lemuel_doored_altar, uniq_jessica
D:3:      gammafunk_wand_slinger, layout_basic, nicolae_overflow_crystal_walls,
          lemuel_altar_in_water, uniq_crazy_yiuf_cottage, uniq_ijyb
D:4:      layout_basic, led_xom_imps, vehumet_crystals, lemuel_crystal_altar,
          gammafunk_ghost_arena
D:5:      layout_cave_pods, serial_shops, nicolae_shop_overgrown_old_shop,
          serial_rivers, chequers_serial_rivers_micro_e,
          chequers_serial_rivers_large_a, chequers_serial_rivers_small_a,
          chequers_serial_rivers_small_3, chequers_serial_rivers_room_a,
          gup_sewer_entry_spiral, uniq_sigmund
D:6:      layout_basic, kennysheep_little_box, kennysheep_generic_room_8
D:7:      layout_rooms, old_standard_altar, nicolae_overflow_hidden_temple,
          elyvilon_altar_3, minmay_temple_entry_statues_fountains, minmay_bent
D:8:      layout_basic, lemuel_blue_sif_altar, basic_altar
D:9:      layout_irregular_city, grunt_dithmenos_smoke, basic_altar,
          serial_shops, shop, nicolae_blasting_shop, minivault_16
D:10:     layout_irregular_city, lair_entry_dummy, serial_shops, shop,
          tgw_fedhas
D:11:     layout_stronghold, uniq_erica
D:12:     layout_roguey, zombieorc1_lemuel
D:13:     layout_irregular_city
Temple:   minmay_temple_curvy_loop
Lair:1:   kb_forest_paths, layout_regular_city, grunt_megastairs_5
Lair:2:   layout_chaotic_city, serial_bayou, serial_bayou_pond_b,
          serial_bayou_shore_b, serial_bayou_pond_c, serial_bayou_shore_b,
          uniq_gastronok
Lair:3:   layout_roguey [special_room_bee], elwin_shoals_entry_rooms,
          serial_bayou_shore_b
Lair:4:   layout_hall_layers, dummy_spider_entry, lemuel_fruit_fields,
          uniq_josephine
Lair:5:   beast_lair_carwin_large_1, layout_cave_pods, grunt_megastairs_3
Lair:6:   evilmike_catoblepas_cave, layout_gridlike, slime_dummy, minivault_23,
          grunt_megastairs_2, lemuel_fruit_fields, lemuel_fruit_fields
Shoals:1: layout_shoals
Orc:1:    layout_caves, portal_ice_cave_entry_pillars_2,
          ebering_ghost_reflecting_pool, enter_volcano_4, serial_shops, shop,
          uniq_harold, uniq_sonja
Orc:2:    st_orc_pillars, layout_diamond_mine, serial_shops, shop_statue,
          abandoned_shop, mines2_david

Skill      XL: |  1  2  3  4  5  6  7  8  9 10 11 12 13 14 15 16 |
---------------+-------------------------------------------------+-----
Poison Magic   | 4 5 7 8 |  8.0
Stealth        | 4 7 |  7.0
Fighting       | 2 3 5 8 10 12 | 12.0
Air Magic      | 2 4 7 |  7.3
Fire Magic     | 2 3 7 10 | 10.0
Conjurations   | 1 3 5 7 |  7.0
Transmutations | 2 3 5 |  5.0
Spellcasting   | 4 8 9 10 12 13 | 13.6
Short Blades   | 5 6 |  6.0
Dodging        | 7 |  7.2
Ice Magic      | 7 |  7.0
Summonings     | 5 |  5.0
Shields        | 4 |  4.0
Evocations     | 5 |  5.0

Action                   |  1- 3 |  4- 6 |  7- 9 | 10-12 | 13-15 | 16-18 || total
-------------------------+-------+-------+-------+-------+-------+-------++-------
Melee: Unarmed           |    31 |    62 |    50 |       |       |       ||   143
       Constrict         |     8 |    19 |    33 |    34 |    36 |     1 ||   131
       Tentacles         |       |     6 |    20 |    29 |    41 |     2 ||    98
       Short sword       |       |       |   110 |   212 |   195 |     9 ||   526
       Staff             |       |       |       |       |    19 |       ||    19
 Cast: Sting             |    47 |   121 |   138 |    47 |    34 |    10 ||   397
       Mephitic Cloud    |       |     1 |    13 |    18 |     2 |       ||    34
       Ignite Poison     |       |     1 |    32 |    62 |   119 |    30 ||   244
       Olgreb's Toxic Ra |       |       |    32 |    85 |   230 |    50 ||   397
       Lightning Bolt    |       |       |       |    15 |    14 |       ||    29
       Airstrike         |       |       |       |     3 |    84 |    13 ||   100
       Fireball          |       |       |       |       |   107 |     2 ||   109
       Swiftness         |       |       |       |       |     3 |       ||     3
       Apportation       |       |       |       |       |     2 |       ||     2
       Summon Ice Beast  |       |       |       |       |     9 |       ||     9
Invok: Potion Petition   |       |       |       |     1 |       |     1 ||     2
       Call Merchant     |       |       |       |       |       |     4 ||     4
Evoke: Wand              |       |     1 |     2 |     2 |     2 |     1 ||     8
       Lightning rod     |       |       |       |       |     4 |     4 ||     8
       Phial of floods   |       |       |       |       |     1 |     1 ||     2
  Use: Potion            |       |     2 |     4 |     4 |    11 |     3 ||    24
       Scroll            |       |     1 |     9 |    12 |    21 |     5 ||    48
 Stab: Paralysed         |       |       |    10 |     2 |       |       ||    12
       Sleeping          |       |       |     5 |     7 |     2 |       ||    14
       Distracted        |       |       |       |     5 |     3 |       ||     8
       Confused          |       |       |       |     2 |       |       ||     2
Armor: Skin              |    10 |     5 |     6 |    20 |     6 |       ||    47
Dodge: Dodged            |    31 |    81 |   156 |   118 |   143 |    13 ||   542
Block: Buckler           |       |       |       |       |    16 |     7 ||    23
